 Dungeon Crawl Stone Soup version 0.26-a0-20-g5f92b90fa0 (webtiles) character file.

Game seed: 3555092349024247583, levelgen mode: deterministic

6935 kae the Severer (level 11, -3/104 HPs)
             Began as a Hill Orc Fighter on May 25, 2020.
             Was a Believer of Qazlal.
             Slain by Snorg (25 damage)
             ... on level 10 of the Dungeon.
             The game lasted 00:11:23 (11965 turns).

kae the Severer (Hill Orc Fighter)                 Turns: 11965, Time: 00:11:24

Health: -3/104     AC: 10    Str: 23    XL:     11   Next: 7%
Magic:  3/3        EV:  7    Int: 16    God:    Qazlal [**....]
Gold:   208        SH: 12    Dex: 10    Spells: 10/10 levels left

rFire    . . .     SeeInvis +   C - +1 war axe (antimagic)
rCold    + . .     Gourm    .   c - +0 kite shield
rNeg     . . .     Faith    .   b - +0 scale mail
rPois    .         Spirit   .   (helmet restricted)
rElec    .         Reflect  .   l - +1 cloak (curse)
rCorr    .         Harm     .   (no gloves)
MR       .....                  g - +0 pair of boots
Stlth    ..........             y - amulet of magic regeneration
HPRegen  0.27/turn              m - ring of see invisible
MPRegen  0.33/turn              e - +6 ring of intelligence

@: no status effects
A: horns 1, clever 1, cold resistance 1
a: Upheaval, Renounce Religion


You were on level 10 of the Dungeon.
You worshipped Qazlal.
Qazlal was pleased with you.
You were not hungry.

You visited 2 branches of the dungeon, and saw 11 of its levels.

You collected 396 gold pieces.
You spent 188 gold pieces at shops.

Inventory:

Hand Weapons
 a - a +0 war axe
 C - a +1 antimagic war axe (weapon)
Armour
 b - a +0 scale mail (worn)
 c - a +0 kite shield (worn)
 g - a +0 pair of boots (worn)
 l - a cursed +1 cloak (worn)
 u - the +1 ring mail "Xyull" {*Slow rN+ Int+4}
   (You found it on level 7 of the Dungeon)

   It affects your intelligence (+4).
   It protects you from negative energy.
   It may slow you when you take damage.
Jewellery
 e - a +6 ring of intelligence (right hand)
 m - a ring of see invisible (left hand)
 y - an amulet of magic regeneration (around neck)
 A - an uncursed ring of ice {unknown}
Wands
 p - a wand of digging (11)
 s - a wand of enslavement (10)
 z - a wand of acid (17)
 B - a wand of flame (10)
Scrolls
 d - 2 scrolls of remove curse
 h - a scroll of amnesia
 o - 4 scrolls of enchant weapon
 q - 2 scrolls of blinking
 r - 3 scrolls of teleportation
 E - a scroll of enchant armour
Potions
 i - a potion of stabbing
 j - 4 potions of curing
 n - a potion of magic
 t - 2 potions of heal wounds
 v - a potion of mutation
 w - a potion of flight
 x - 2 potions of brilliance
Comestibles
 f - 9 rations
 k - 8 chunks of flesh


   Skills:
 + Level 11.8 Fighting
 * Level 16.6 Axes
 - Level 3.2 Armour
 - Level 3.2 Shields


You had 10 spell levels left.
You didn't know any spells.
Your spell library contained the following spells:

 Spells                   Type           Power        Failure   Level  Hunger
 Beastly Appendage        Tmut           #.....       96%         1    ##.....
 Corona                   Hex            #......      96%         1    ##.....
 Ensorcelled Hibernation  Hex/Ice        #.....       99%         2    ###....
 Poisonous Vapours        Pois/Air       #.....       99%         2    ###....
 Sticks to Snakes         Tmut           #.......     99%         2    ###....
 Confusing Touch          Hex            #.......     100%        3    ####...
 Conjure Flame            Conj/Fire      #.......     100%        3    ####...
 Dazzling Flash           Conj/Hex       #.....       100%        3    ####...
 Gell's Gravitas          Tloc           #.........   100%        3    ####...
 Mephitic Cloud           Conj/Pois/Air  #.......     100%        3    ####...
 Spider Form              Tmut/Pois      #.........   100%        3    ####...
 Tukima's Dance           Hex            #.......     100%        3    ####...
 Ice Form                 Ice/Tmut       #.......     100%        4    #####..
 Petrify                  Tmut/Erth      #.......     100%        4    #####..
 Blade Hands              Tmut           #.........   100%        5    ######.
 Metabolic Englaciation   Hex/Ice        #.........   100%        5    ######.
 Yara's Violent Unravell  Hex/Tmut       #.........   100%        5    ######.
 Freezing Cloud           Conj/Ice/Air   #.........   100%        6    #######
 Ring of Flames           Chrm/Fire      #.........   100%        7    #######


Dungeon Overview and Level Annotations

Branches:
Dungeon (10/15)            Temple (1/1) D:6            Lair (0/6) D:8
    Orc: D:9-12

Altars:
Ashenzari
Cheibriados
Dithmenos
Fedhas
Gozag
Hepliaklqana
Kikubaaqudgha
Makhleb
Nemelex Xobeh
Okawaru
Qazlal
Ru
Sif Muna
Trog
Uskayaw
Vehumet
Xom
Zin
The Shining One

Shops:
D:6 *(   D:10 (

Annotations:
D:10 Snorg


Innate Abilities, Weirdness & Mutations

You have a pair of small horns on your head.
Your mind is acute. (Int +2)
Your flesh is cold resistant. (rC+)


Message History

Snorg is moderately wounded.
The centaur shoots an arrow.
The arrow hits you! Snorg bites you!! You block Snorg's attack.
Snorg claws you!
You are too injured to fight recklessly!
You are too injured to fight recklessly!
You are too injured to fight recklessly!
You are too injured to fight recklessly!
You are too injured to fight recklessly!
Snorg barely misses you. You block Snorg's attack. Snorg claws you!
The centaur shoots an arrow.
You block the arrow.
You see here an arrow.
Your shield and scale mail prevent you from hitting Snorg.
Snorg is moderately wounded.
Snorg bites you!
* * * LOW HITPOINT WARNING * * *
You block Snorg's attack. Snorg claws you.
* * * LOW HITPOINT WARNING * * *
The centaur shoots an arrow.
The arrow closely misses you.
The arrow hits Snorg!
Snorg bites you!!
You die...

#######.# #.......# ##
#.#######
######.####.###########
..c...ยง.>..............
.......#.#######.......
...###.#5## #.#####.
.......@T# #.# #.
.#######.# ##.#####. #.#
#........ #.# #..#####.
#.# #..# #. #.# #..# #)
#.# #..# ## .# ######
......


You could see Snorg (berserk), a centaur and a crimson imp.

Vanquished Creatures
  Erolcha (D:10)
  2 two-headed ogres (D:8)
  Maggie (D:8)
  Sigmund (D:3)
  A vampire (D:6)
  Grum (D:7)
  A hungry ghost (D:6)
  Edmund (D:5)
  Duvessa (D:5)
  A phantom (D:10)
  2 ice beasts
  4 sky beasts
  3 black bears
  A wolf (D:8)
  5 ogres
  5 bullfrogs
  A big kobold (D:9)
  Dowan (D:5)
  A wyvern skeleton (D:10)
  A scorpion (D:6)
  11 killer bees
  3 howler monkeys (D:8)
  3 crimson imps
  2 centaur zombies
  2 bullfrog zombies
  A jelly (D:8)
  6 hounds
  6 orc priests
  5 orc wizards
  3 iguanas
  6 worker ants
  A hound zombie (D:6)
  18 adders
  A shadow imp (D:6)
  2 oozes
  An adder skeleton (D:8)
  2 worms (D:2)
  3 dart slugs
  7 leopard geckos
  21 orcs
  14 bats
  3 giant cockroaches
  12 goblins
  11 hobgoblins
  6 jackals
  12 kobolds
  5 quokkas
  3 ball pythons
  4 frilled lizards
  A leopard gecko zombie (D:7)
  7 rats
217 creatures vanquished.

Vanquished Creatures (collateral kills)
  A wolf (D:8)
1 creature vanquished.

Vanquished Creatures (others)
  A jelly (D:5)
1 creature vanquished.

Grand Total: 219 creatures vanquished

Notes
Turn   | Place    | Note
-------+----------+-------------------------------------------
     0 | D:1      | kae the Hill Orc Fighter began the quest for the Orb.
     0 | D:1      | Reached XP level 1. HP: 19/19 MP: 1/1
   162 | D:1      | Reached skill level 3 in Axes
   168 | D:1      | Reached XP level 2. HP: 20/27 MP: 2/2
   427 | D:1      | Reached skill level 4 in Axes
   508 | D:1      | Reached XP level 3. HP: 23/33 MP: 3/3
  1063 | D:2      | Reached XP level 4. HP: 41/41 MP: 4/4
  1127 | D:2      | Reached skill level 5 in Axes
  1538 | D:2      | Found a shimmering altar of Xom.
  1594 | D:2      | Reached XP level 5. HP: 47/47 MP: 5/5
  2097 | D:3      | Noticed Sigmund
  2344 | D:3      | Killed Sigmund
  2344 | D:3      | Reached skill level 5 in Fighting
  2344 | D:3      | Reached skill level 7 in Axes
  2344 | D:3      | Reached XP level 6. HP: 52/56 MP: 6/6
  3308 | D:3      | Reached skill level 8 in Axes
  3308 | D:3      | Reached XP level 7. HP: 63/63 MP: 7/7
  3631 | D:4      | You fall into a shaft and drop 3 floors!
  3843 | D:7      | Reached skill level 9 in Axes
  4348 | D:7      | Got a smelly ring mail
  4359 | D:7      | Identified the +1 ring mail "Xyull" {*Slow rN+ Int+4} (You
                  | found it on level 7 of the Dungeon)
  4449 | D:7      | Reached XP level 8. HP: 67/73 MP: 8/8
  4662 | D:6      | Found a burning altar of Makhleb.
  4662 | D:6      | Found Inuck's Evil Emporium.
  4668 | D:6      | Reached skill level 10 in Axes
  4867 | D:6      | Noticed a vampire
  4869 | D:6      | Found Puxouxt's Weapon Shop.
  5519 | D:6      | Killed a vampire
  5519 | D:6      | Reached skill level 11 in Axes
  5721 | D:6      | Found a staircase to the Ecumenical Temple.
  5778 | Temple   | Entered the Ecumenical Temple
  6213 | D:5      | Entered Level 5 of the Dungeon
  6215 | D:5      | Noticed Edmund
  6226 | D:5      | Reached XP level 9. HP: 77/82 MP: 9/9
  6236 | D:5      | Killed Edmund
  6236 | D:5      | Reached skill level 12 in Axes
  6237 | D:5      | Noticed Duvessa
  6242 | D:5      | Noticed Dowan
  6606 | D:5      | Killed Duvessa
  6614 | D:5      | Killed Dowan
  6858 | D:5      | Found a stormy altar of Qazlal.
  6918 | D:5      | Became a worshipper of Qazlal Stormbringer
  7939 | D:8      | Noticed Grum
  7976 | D:8      | Found a staircase to the Lair.
  7976 | D:8      | Noticed a two-headed ogre
  8220 | D:7      | Reached skill level 13 in Axes
  8545 | D:7      | HP: 4/84 [poisoned by a killer bee]
  8551 | D:7      | HP: 2/84 [poisoned by a killer bee]
  8557 | D:7      | HP: 2/84 [poisoned by a killer bee]
  8565 | D:7      | HP: 2/84 [poisoned by a killer bee]
  8959 | D:7      | Killed Grum
  9058 | D:8      | Noticed Maggie
  9132 | D:8      | Killed Maggie
  9132 | D:8      | Reached skill level 10 in Fighting
  9132 | D:8      | Reached skill level 14 in Axes
  9272 | D:8      | Reached XP level 10. HP: 91/93 MP: 10/10
  9320 | D:8      | Reached * piety under Qazlal
  9411 | D:8      | Found a stormy altar of Qazlal.
  9493 | D:8      | Gained mutation: You have a pair of small horns on your
                  | head. [potion of mutation]
  9493 | D:8      | Gained mutation: Your mind is acute. (Int +2) [potion of
                  | mutation]
  9493 | D:8      | Gained mutation: Your flesh is cold resistant. (rC+)
                  | [potion of mutation]
  9497 | D:8      | Noticed a two-headed ogre
  9499 | D:8      | Killed a two-headed ogre
  9506 | D:8      | Killed a two-headed ogre
  9506 | D:8      | Reached skill level 15 in Axes
 10154 | D:8      | Found a glowing golden altar of the Shining One.
 10446 | D:8      | Found a burning altar of Makhleb.
 10447 | D:8      | Found a shimmering blue altar of Sif Muna.
 11442 | D:10     | Entered Level 10 of the Dungeon
 11477 | D:10     | Noticed Erolcha
 11495 | D:10     | Killed Erolcha
 11495 | D:10     | Reached skill level 16 in Axes
 11798 | D:10     | Found Uwobb's Antique Weapon Shop.
 11804 | D:10     | Bought a glowing war axe for 188 gold pieces
 11819 | D:10     | Reached XP level 11. HP: 104/104 MP: 3/11
 11864 | D:10     | Reached ** piety under Qazlal
 11958 | D:10     | Noticed Snorg
 11965 | D:10     | Slain by Snorg

Illustrated notes

Levels and vault maps discovered:
D:1:      minmay_arrival_glassed_features, layout_basic
D:2:      minmay_chambers_of_ones, layout_basic, lemuel_round_altar,
          minmay_mini_jars
D:3:      minmay_chambers_of_twos, layout_loops_cross, first_ration,
          uniq_sigmund
D:4:      layout_basic
D:5:      layout_gridville, chequers_serial_rivers_micro_c, grunt_qazlal_clouds,
          uniq_edmund, uniq_duvessa
D:6:      layout_gridville, minmay_temple_entry_wispy, serial_shops,
          nicolae_shop_waterfront, nicolae_evil_shop
D:7:      layout_basic, serial_glass, glass_columns_a, glass_columns_c
D:8:      layout_basic, kennysheep_little_box, lemuel_doored_altar,
          nicolae_overflow_hidden_temple, lair_entry_dummy, uniq_maggie,
          uniq_grum
D:9:      layout_stronghold, minivault_25_ag
D:10:     layout_loops_ring, special_room [special_room_bee], basic_altar,
          serial_shops, nicolae_shop_stone, uniq_joseph, uniq_snorg,
          uniq_erolcha
Temple:   zaba_magenta_temple

Skill      XL: |  1  2  3  4  5  6  7  8  9 10 |
---------------+-------------------------------+-----
Axes           | 3 4 5 7 8 9 11 14 16 | 16.6
Fighting       | 4 5 6 7 8 10 11 | 11.8
Armour         | |  3.2
Shields        | |  3.2

Action                   |  1- 3 |  4- 6 |  7- 9 | 10-12 || total
-------------------------+-------+-------+-------+-------++-------
Melee: War axe           |    81 |   179 |   407 |   185 ||   852
       Headbutt          |       |       |       |    19 ||    19
Evoke: Wand              |       |       |     1 |       ||     1
  Use: Scroll            |     3 |     7 |    10 |     2 ||    22
       Potion            |       |     1 |     3 |     3 ||     7
  Eat: Chunk             |     1 |     7 |    16 |     8 ||    32
       Ration            |       |       |     2 |       ||     2
Armor: Scale mail        |    41 |   101 |   155 |    40 ||   337
       Skin              |       |       |    12 |    26 ||    38
Dodge: Dodged            |    24 |    60 |   116 |    38 ||   238
Block: Kite shield       |    42 |   103 |   193 |    84 ||   422

Table legend:
 A = Non-vault XP
 B = Vault XP
 C = Vault XP percentage of total XP
 D = Non-vault monster count
 E = Vault monster count
 F = Vault count percentage of total count
                 A         B        C        D         E       F
            +---------+---------+-------+---------+---------+-------
      Total |    7479 |    2429 |  24.5 |     186 |      32 |  14.7
            +---------+---------+-------+---------+---------+-------
        D:1 |      35 |       0 |   0.0 |      18 |       0 |   0.0
        D:2 |     102 |      49 |  32.5 |      25 |      16 |  39.0
        D:3 |      93 |     223 |  70.6 |      19 |       8 |  29.6
        D:4 |     188 |       0 |   0.0 |      18 |       0 |   0.0
        D:5 |     568 |     400 |  41.3 |      19 |       3 |  13.6
        D:6 |    1113 |       0 |   0.0 |      18 |       0 |   0.0
        D:7 |     996 |     193 |  16.2 |      21 |       1 |   4.5
        D:8 |    2939 |     539 |  15.5 |      23 |       3 |  11.5
        D:9 |     496 |       0 |   0.0 |      10 |       0 |   0.0
       D:10 |     949 |    1025 |  51.9 |      15 |       1 |   6.2
            +---------+---------+-------+---------+---------+-------
